 Dungeon Crawl Stone Soup version 0.19.5 (webtiles) character file.

81 andalon the Ducker (level 4, -1/44 HPs)
             Began as a Troll Fighter on Apr 6, 2017.
             Was an Initiate of Ru.
             Slain by a hippogriff (3 damage)
             ... on level 3 of the Dungeon.
             The game lasted 00:14:00 (2810 turns).

andalon the Ducker (Troll Fighter)                  Turns: 2810, Time: 00:14:05

Health: -1/44      AC:  5    Str: 24      XL:     4   Next: 19%
Magic:  3/3        EV:  8    Int:  4 (5)  God:    Ru [......]
Gold:   205        SH:  8    Dex:  7 (9)  Spells: 0 memorised, 3 levels left

rFire  . . .     SeeInvis .     a - +0 war axe
rCold  . . .     Gourm    +     b - +0 robe
rNeg   . . .     Faith    .     c - +0 shield
rPois  .         Spirit   .     (helmet restricted)
rElec  .         Reflect  .     (no cloak)
rCorr  .         Harm     .     (gloves unavailable)
MR     .....                    (boots unavailable)
Stlth  +.........               (no amulet)
                                (no ring)
                                (no ring)

@: no status effects
A: unfitting armour, claws 3, fast metabolism 3, gourmand, regeneration 1,
shaggy fur 1, tough skin 2
a: Renounce Religion


You were on level 3 of the Dungeon.
You worshipped Ru.
Ru was noncommittal.
You were completely stuffed.

You visited 1 branch of the dungeon, and saw 3 of its levels.

You collected 205 gold pieces.

Inventory:

Hand Weapons
 a - a +0 war axe (weapon)
 p - a cursed -1 scythe
 q - a +0 blowgun
Missiles
 o - 25 poisoned needles
 w - 4 tomahawks (quivered)
Armour
 b - a +0 robe (worn)
 c - a +0 shield (worn)
Jewellery
 g - a cursed ring of teleportation
 t - an uncursed ring of protection from magic {unknown}
Scrolls
 i - 3 scrolls of teleportation
 j - a scroll of identify
 k - a scroll of fear
 n - a scroll of remove curse {unknown}
 r - a scroll of immolation {unknown}
 v - a scroll of amnesia
Potions
 d - a potion of might
 e - a potion of degeneration
 m - a potion of heal wounds {unknown}
 s - 2 potions of curing {unknown}
Comestibles
 f - 4 bread rations
 h - 2 meat rations
 l - 2 beef jerkies
 u - 2 chunks of flesh


   Skills:
 + Level 2.8 Fighting
 + Level 2.5 Axes
 + Level 2.9 Dodging
 + Level 2.8 Shields


You had 3 spell levels left.
You didn't know any spells.

Dungeon Overview and Level Annotations

Branches:
Dungeon (3/15)

Altars:
Ashenzari
Ru


Innate Abilities, Weirdness & Mutations

You are too large for most types of armour.
You have claws for hands.
Your metabolism is lightning-fast.
You like to eat raw meat.
Your natural rate of healing is unusually fast.
You are covered in fur. (AC +1)
You have very tough skin. (AC +2)


Message History

The hippogriff claws you. The hippogriff bites you. The hippogriff pecks you!
The hippogriff claws you.
You closely miss the hippogriff.
The hippogriff is moderately wounded.
The hippogriff bites you. You block the hippogriff's attack.
The hippogriff claws you.
* * * LOW HITPOINT WARNING * * *
You hit the hippogriff but do no damage.
The hippogriff is moderately wounded.
The hippogriff barely misses you. The hippogriff pecks you.
* * * LOW HITPOINT WARNING * * *
The hippogriff claws you but does no damage.
You barely miss the hippogriff.
The hippogriff is moderately wounded.
The hippogriff closely misses you. The hippogriff pecks you.
* * * LOW HITPOINT WARNING * * *
The hippogriff claws you!
* * * LOW HITPOINT WARNING * * *
The hippogriff bites you.
You die...

#...#..)#.##.
#.#
#...#.))#.##.
#.#
#.......####.
#.# ###._.###
#.
#.####.......#
#.
#.##.#...#...#
#.
#.##.#...#...#
#.
#H##.'#######+
.. #@##....#
#.#.(####
#.#.## #.#.#
#...# #####


You could see a hippogriff.

Vanquished Creatures
  An adder (D:3)
  An ooze (D:3)
  2 worms (D:2)
  2 dart slugs
  A leopard gecko (D:2)
  7 bats
  2 giant cockroaches (D:1)
  7 goblins
  6 hobgoblins
  3 jackals (D:1)
  3 quokkas (D:3)
  2 ball pythons
  4 frilled lizards
  9 kobolds
  4 rats
54 creatures vanquished.

Notes
Turn   | Place    | Note
-------+----------+-------------------------------------------
     0 | D:1      | andalon the Troll Fighter began the quest for the Orb.
     0 | D:1      | Reached XP level 1. HP: 22/22 MP: 0/0
   204 | D:1      | Reached XP level 2. HP: 24/29 MP: 1/1
  1156 | D:2      | Reached XP level 3. HP: 35/36 MP: 2/2
  1424 | D:2      | Found a shattered altar of Ashenzari.
  2565 | D:3      | Reached XP level 4. HP: 42/44 MP: 3/3
  2724 | D:3      | Found a sacrificial altar of Ru.
  2788 | D:3      | Became a worshipper of Ru the Awakened
  2803 | D:3      | Noticed a hippogriff
  2810 | D:3      | HP: 2/44 [hippogriff (7)]
  2810 | D:3      | Slain by a hippogriff

Skill      XL: |  1  2 |
---------------+-------+-----
Axes           | 2 |  2.5
Fighting       | |  2.8
Dodging        | |  2.9
Shields        | |  2.8

Action                   |  1- 3 |  4- 6 || total
-------------------------+-------+-------++-------
Melee: War axe           |   162 |    31 ||   193
  Use: Scroll            |     5 |       ||     5
       Potion            |     3 |       ||     3
 Stab: Paralysed         |       |     4 ||     4
  Eat: Chunk             |    26 |     6 ||    32
Armor: Robe              |    86 |     8 ||    94
Dodge: Dodged            |    82 |    13 ||    95
Block: Shield            |    91 |    13 ||   104
